 Dungeon Crawl Stone Soup version 0.31-a0-358-gac0dbeb3ab (webtiles) character file.

Game seed: 4901804283968350031

0 drugrobin the Sneak (level 1, -6/18 HPs)
             Began as a Demigod Delver on July 25, 2023.
             Mangled by a worm (7 damage)
             ... on level 4 of the Dungeon.
             The game lasted 00:00:50 (62 turns).

drugrobin the Sneak (Demigod Delver)                  Turns: 62, Time: 00:00:50

Health: -6/18      AC:  3    Str: 13    XL:     1   Next: 6%
Magic:  3/3        EV: 11    Int: 12    God:
Gold:   14         SH:  0    Dex: 15    Spells: 0/0 levels left

rFire   . . .        a - +0 hand axe
rCold   . . .        (no shield)
rNeg    . . .        b - +0 leather armour
rPois   .            (no helmet)
rElec   .            (no cloak)
rCorr   .            (no gloves)
SInv    .            (no boots)
Will    .....        (no amulet)
Stlth   +++          (no ring)
HPRegen 0.23/turn    (no ring)
MPRegen 0.08/turn

%: no passive effects
@: hasted, very quick
A: high MP 1, forlorn, divine attributes
a: no special abilities


You were on level 4 of the Dungeon.
You visited 1 branch of the dungeon, and saw 2 of its levels.

You collected 14 gold pieces.

Inventory:

Hand Weapons
 a - a +0 hand axe (weapon)
Missiles
 i - 4 curare-tipped darts
Armour
 b - a +0 leather armour (worn)
Wands
 g - a wand of digging (3)
Scrolls
 c - a scroll of fog
 d - a scroll of revelation
 e - a scroll of fear
 h - a scroll of teleportation {unknown}


   Skills:
 - Level 2.6 Fighting
 + Level 1.8 Axes
 - Level 1.7 Dodging
 - Level 4.5 Stealth


You couldn't memorise any spells.
You didn't know any spells.
Your spell library was empty.

Dungeon Overview and Level Annotations

Branches:
Dungeon (5/15)
 Temple: D:4-7

Shops:
D:4 *


Innate Abilities, Weirdness & Mutations

You have an increased reservoir of magic. (+10% MP)
You shall have no god before yourself.
Your divine heritage dramatically boosts your attributes as you level up.


Message History

The gnoll is heavily wounded.
The gnoll hits you with a +0 whip.
Unknown command.
Unknown command.
You hit the gnoll.
The gnoll is almost dead.
The gnoll hits you but does no damage.
Unknown command.
Unknown command.
You barely miss the gnoll.
The gnoll is almost dead.
You barely miss the ufetubus.
The ufetubus hits you. x2; The gnoll misses you.
The ufetubus misses you. The ufetubus hits you.
* * * LOW HITPOINT WARNING * * *
The gnoll hits you with a +0 whip.
* * * LOW HITPOINT WARNING * * *
Unknown command.
Unknown command.
Unknown command.
Unknown command.
You hit the gnoll but do no damage.
The gnoll is almost dead.
You hit the ufetubus. The ufetubus hits you.
* * * LOW HITPOINT WARNING * * *
The ufetubus closely misses you. The ufetubus misses you.
The ufetubus hits you but does no damage.
Unknown command.
Unknown command.
Unknown command.
Unknown command.
You completely miss the gnoll. You closely miss the ufetubus.
The ufetubus misses you. The ufetubus hits you.
* * * LOW HITPOINT WARNING * * *
The ufetubus hits you but does no damage.
The ufetubus closely misses you.
Unknown command.
Unknown command.
You feel yourself speed up. The ufetubus closely misses you. x2
The gnoll barely misses you. The worm bites you!
You die...

8.........#...#÷#.......
...?...###.†..###.###...
......# #........#÷#...
....g. ##.###.∩.###...
....g #..#÷#.........
...#g ###..###.###.....
#... ..#...gg##.#÷#.....
..##......$Jg##.###.....
.......##@..........
......#.5w..........
8.8.8...........$...
......#.....#....
....8.#.....# ..# ##.
....### J. # .###.# . ..
#.#


You could see a worm, 3 gnolls, an ufetubus and 2 endoplasms.

Vanquished Creatures
  A ball python (D:4)
1 creature vanquished.

Notes
Turn   | Place    | Note
-------+----------+-------------------------------------------
     0 | D:5      | drugrobin the Demigod Delver began the quest for the Orb.
     0 | D:5      | Reached XP level 1. HP: 18/18 MP: 3/3
    22 | D:5      | Noticed a hound
    27 | D:4      | Found Xiluar's General Store.
    62 | D:4      | Mangled by a worm

Illustrated notes

Levels and vault maps discovered:
D:4:      layout_cave_pools, mainiacjoe_overflow_alcove_2, serial_shops,
          nicolae_shop_gibbet_a_chance, serial_column_ruins,
          column_ruins_temple_hall, column_ruins_hut_pillars,
          column_ruins_columns_plus, column_ruins_columns_corner,
          column_ruins_columns_corner, column_ruins_grid_1, minmay_misc_feat_chi
D:5:      layout_loops_cross, doesnt_xom_only_xom, minmay_temple_entry_hall

Action                     || total
---------------------------++-------
  Melee: Hand axe          ||     7
    Use: Potion            ||     1
   Stab: Sleeping          ||     1
 Armour: Leather armour    ||     3
  Dodge: Dodged            ||    11

Table legend: (Time is in decaauts)
 A = Elapsed time spent in this place.
 B = Non-inter-level travel time spent in this place.
 C = Inter-level travel time spent in this place.
 D = Time resting spent in this place.
 E = Time spent auto-exploring this place.
 F = Levels seen in this place.
 G = Mean time per level.
                   A        B        C        D        E       F      G
               +--------+--------+--------+--------+--------+-----+--------+
         Total |     63 |     55 |      8 |      0 |      6 |   2 |   31.5 |
       Dungeon |     63 |     55 |      8 |      0 |      6 |   2 |   31.5 |
               +--------+--------+--------+--------+--------+-----+--------+

Top non-repeatable levels by time:
     D:4: 36 daAuts
     D:5: 27 daAuts
